 Dungeon Crawl Stone Soup version 0.23-a0-29-g1be82e5 (webtiles) character file.

234 Inectha the Chopper (level 6, -5/52 HPs)
             Began as a Hill Orc Fighter on Aug 3, 2018.
             Slain by a gnoll
             ... wielding a +0 halberd
              (14 damage)
             ... on level 4 of the Dungeon on Jan 12, 2019.
             The game lasted 00:19:30 (2627 turns).

Inectha the Chopper (Hill Orc Fighter)              Turns: 2627, Time: 00:19:30

Health: -5/52      AC:  7    Str: 19    XL:     6   Next: 5%
Magic:  6/6        EV:  7    Int:  8    God:
Gold:   213        SH:  9    Dex: 12    Spells: 5/5 levels left

rFire    . . .     SeeInvis .   a - +0 war axe
rCold    . . .     Gourm    +   c - +0 shield
rNeg     . . .     Faith    .   b - +0 scale mail
rPois    .         Spirit   .   (no helmet)
rElec    .         Reflect  .   (no cloak)
rCorr    +         Harm     .   (no gloves)
MR       .....                  (no boots)
Stlth    ..........             k - amulet of the gourmand
HPRegen  0.17/turn              o - ring of resist corrosion
MPRegen  0.10/turn              p - +1 ring of slaying

@: no status effects
A: claws 1, agile 1, weak 1, MP-powered wands
a: no special abilities


You were on level 4 of the Dungeon.
You were not hungry.

You visited 1 branch of the dungeon, and saw 4 of its levels.

You collected 213 gold pieces.

Inventory:

Hand Weapons
 a - a +0 war axe (weapon)
Armour
 b - a +0 scale mail (worn)
 c - a +0 shield (worn)
Jewellery
 k - an amulet of the gourmand (around neck)
 o - a ring of resist corrosion (left claw)
 p - a +1 ring of slaying (right claw)
Wands
 e - a wand of paralysis (11)
Scrolls
 g - a scroll of remove curse
 h - 4 scrolls of amnesia
 i - a scroll of identify
Potions
 m - a potion of heal wounds
Comestibles
 f - 2 rations


   Skills:
 + Level 4.2 Fighting
 + Level 5.1 Axes
 + Level 0.7 Throwing
 + Level 4.5 Armour
 + Level 0.9 Dodging
 + Level 4.3 Shields


You had 5 spell levels left.
You didn't know any spells.
Your spell library was empty.

Dungeon Overview and Level Annotations

Branches:
Dungeon (4/15)
 Temple: D:4-7

Altars:


Innate Abilities, Weirdness & Mutations

You have sharp fingernails.
You are agile. (Dex +2)
You are weak. (Str -2)
You expend magic power (3 MP) to strengthen your wands.


Message History

Aiming: Paralyse
Press: ? - help, Shift-Dir - straight line, f/p - gnoll
Aim: a gnoll, wielding a halberd (lightly wounded, chance to defeat MR: 59%)
The gnoll suddenly stops moving!
You feel a surge of power!
A gnoll is nearby!
You start resting.
The gnoll is too close now for your liking.
A gnoll is nearby!
You block the gnoll's attack. The gnoll barely misses you.
You block the gnoll's attack.
The gnoll hits you from afar with a halberd.
* * * LOW HITPOINT WARNING * * *
Found 21 arrows.
A bullfrog skeleton comes into view.
You see here 21 arrows.
Found 22 sling bullets.
The bullfrog skeleton hits you but does no damage.
The gnoll hits you from afar with a halberd!
You die...

###### ###......
#(......#
#####........
############.....#...#
.............###@..#
...........#..g..Z.#
.............##..###
....................
..........#....##.....
.....<......####
####.. ..........### .
..........#
###.##.####


You could see a gnoll and a bullfrog skeleton.

Vanquished Creatures
  A hound (D:4)
  A bullfrog skeleton (D:3)
  A hound skeleton (D:2)
  7 gnolls
  2 adders (D:2)
  2 oozes
  A dart slug (D:2)
  3 leopard geckos
  2 orcs (D:3)
  2 ball pythons
  5 giant cockroaches
  6 hobgoblins
  4 jackals (D:2)
  7 bats
  7 frilled lizards
  6 goblins
  6 kobolds
  7 rats
70 creatures vanquished.

Notes
Turn   | Place    | Note
-------+----------+-------------------------------------------
     0 | D:1      | Inectha the Hill Orc Fighter began the quest for the Orb.
     0 | D:1      | Reached XP level 1. HP: 19/19 MP: 1/1
   223 | D:1      | Reached XP level 2. HP: 27/27 MP: 2/2
   667 | D:2      | Reached skill level 3 in Axes
   725 | D:2      | Reached XP level 3. HP: 31/33 MP: 3/3
  1293 | D:2      | Reached XP level 4. HP: 35/40 MP: 4/4
  1470 | D:2      | Reached skill level 4 in Axes
  1490 | D:2      | Reached XP level 5. HP: 26/46 MP: 5/5
  2482 | D:3      | Gained mutation: You are weak. (Str -2) [potion of mutation]
  2482 | D:3      | Gained mutation: You have sharp fingernails. [potion of mutation]
  2482 | D:3      | Gained mutation: You expend magic power (3 MP) to strengthen your wands. [potion of mutation]
  2482 | D:3      | Gained mutation: You are agile. (Dex +2) [potion of mutation]
  2555 | D:4      | Reached XP level 6. HP: 40/52 MP: 6/6
  2563 | D:4      | Reached skill level 5 in Axes
  2627 | D:4      | Slain by a gnoll

Vault maps used:
D:1:      minmay_arrival_checkered_box
D:3:      minmay_lizard_king
D:4:      first_ration

Skill      XL: |  1  2  3  4  5  6 |
---------------+-------------------+-----
Axes           | 3 4 5 |  5.1
Fighting       | 4 |  4.2
Shields        | 4 |  4.3
Armour         | 4 |  4.5
Throwing       | |  0.7
Dodging        | |  0.9

Action                   |  1- 3 |  4- 6 || total
-------------------------+-------+-------++-------
Melee: War axe           |   133 |   106 ||   239
Throw: Tomahawk          |     4 |    19 ||    23
Evoke: Wand              |       |     1 ||     1
  Use: Potion            |     3 |     3 ||     6
       Scroll            |       |     6 ||     6
  Eat: Chunk             |     1 |     6 ||     7
       Ration            |       |     1 ||     1
Armor: Scale mail        |    63 |    44 ||   107
Dodge: Dodged            |    37 |    46 ||    83
Block: Shield            |    96 |    71 ||   167

Table legend:
 A = Spawn XP
 B = Non-spawn XP
 C = Spawn XP percentage of total XP
 D = Spawn monster count
 E = Non-spawn monster count
 F = Spawn count percentage of total count
 G = Total turns spent on level
                    A         B        C        D         E        F      G
               +---------+---------+-------+---------+---------+-------+---------
         Total |       0 |     335 |   0.0 |       0 |      70 |   0.0 |  2627
               +---------+---------+-------+---------+---------+-------+---------
           D:1 |       0 |      25 |   0.0 |       0 |      14 |   0.0 |   664
           D:2 |       0 |     147 |   0.0 |       0 |      31 |   0.0 |  1016
           D:3 |       0 |      78 |   0.0 |       0 |      21 |   0.0 |   810
           D:4 |       0 |      85 |   0.0 |       0 |       4 |   0.0 |   137
               +---------+---------+-------+---------+---------+-------+---------
